 Dungeon Crawl Stone Soup version 0.25-a0-479-g8579842fd4 (webtiles) character file.

Game seed: 18181059246949325192, levelgen mode: deterministic

323 Notrik the Fighter (level 6, -9/62 HPs)
             Began as a Minotaur Fighter on Feb 9, 2020.
             Mangled by Sigmund
             ... wielding a +0 scythe
              (10 damage)
             ... on level 3 of the Dungeon.
             The game lasted 00:03:45 (2039 turns).

Notrik the Fighter (Minotaur Fighter)               Turns: 2039, Time: 00:03:46

Health: -9/62      AC:  6    Str: 23    XL:     6   Next: 23%
Magic:  5/5        EV:  7    Int:  5    God:
Gold:   75         SH:  9    Dex:  9    Spells: 5/5 levels left

rFire    . . .     SeeInvis .   a - +0 war axe
rCold    . . .     Gourm    .   c - +0 shield
rNeg     . . .     Faith    .   b - +0 scale mail
rPois    .         Spirit   .   (helmet restricted)
rElec    .         Reflect  .   (no cloak)
rCorr    .         Harm     .   (no gloves)
MR       .....                  (no boots)
Stlth    ..........             (no amulet)
HPRegen  0.20/turn              (no ring)
MPRegen  0.09/turn              (no ring)

@: lethally poisoned (-9 -> -9)
A: retaliatory headbutt, horns 2
a: no special abilities


You were on level 3 of the Dungeon.
You were not hungry.

You visited 1 branch of the dungeon, and saw 3 of its levels.

You collected 75 gold pieces.

Inventory:

Hand Weapons
 a - a +0 war axe (weapon)
Armour
 b - a +0 scale mail (worn)
 c - a +0 shield (worn)
Jewellery
 k - an uncursed amulet of faith {unknown}
   (You found it on level 1 of the Dungeon)
Scrolls
 g - 2 scrolls of identify {unknown}
 h - a scroll of remove curse {unknown}
 j - a scroll of teleportation {unknown}
 l - a scroll of enchant armour {unknown}
 q - a scroll of amnesia {unknown}
 r - a scroll of enchant weapon {unknown}
Potions
 d - a potion of might
 i - 3 potions of curing {unknown}
 m - a potion of degeneration {unknown}
 n - a potion of flight {unknown}
 o - a potion of lignification {unknown}
 p - a potion of heal wounds {unknown}
 s - a potion of invisibility {unknown}
Comestibles
 e - 4 rations {!d}


   Skills:
 + Level 8.5 Fighting
 - Level 2.4 Axes
 - Level 3.6 Armour
 - Level 3.6 Shields


You had 5 spell levels left.
You didn't know any spells.
Your spell library was empty.

Dungeon Overview and Level Annotations

Branches:
Dungeon (3/15)

Altars:
Cheibriados
Hepliaklqana

Annotations:
D:3 Sigmund


Innate Abilities, Weirdness & Mutations

You reflexively headbutt those who attack you in melee.
You have a pair of horns on your head.


Message History

You slash the scorpion! Your headbutt misses the scorpion.
You feel sick. You block the scorpion's attack.
You hit the scorpion.
You feel sick. The scorpion stings you. You block the scorpion's attack.
You closely miss the scorpion.
You feel sick. The scorpion completely misses you.
You hit the scorpion but do no damage.
You feel sick. The scorpion stings you.
The scorpion stings you but does no damage.
You hit the scorpion.
You kill the scorpion!
You feel sick.
Your shield and scale mail prevent you from hitting the giant cockroach.
You feel sick.
The giant cockroach completely misses you.
You furiously retaliate!
You headbutt the giant cockroach, but do no damage.
You block something's attack. You block the giant cockroach's attack.
All of the chunks of flesh in your inventory have rotted away.
You hit the giant cockroach but do no damage.
Your headbutt misses the giant cockroach.
The giant cockroach bites you but does no damage.
Something hits you but does no damage. The giant cockroach barely misses you.
You closely miss the giant cockroach. You headbutt the giant cockroach.
You kill the giant cockroach!
You feel sick. Something hits you.
You feel sick.
You hear some strange, mumbled words.
Something tries to affect you, but you resist.
You start resting.
You feel sick. Something hits you.
You start resting.
Something hits you.
* * * LOW HITPOINT WARNING * * *
You feel sick. Something hits you.
* * * LOW HITPOINT WARNING * * *
Something hits you but does no damage.
You barely miss something.
You feel sick. Something hits you!
* * * LOW HITPOINT WARNING * * *
You miss something. Your headbutt misses something. Something hits you!
* * * LOW HITPOINT WARNING * * *
You hit something but do no damage. You headbutt something.
* * * LOW HITPOINT WARNING * * *
You feel sick. Something hits you!
You die...

#.#.#.#.#. ##.## #.#.#.#.#.
##.## #.#.#.#.#.## ##.#
#.#.#.#.##.## ##)##
#.#.#.#...#.###.## .
..........##.#.## ####..
..#.#.##..##)..## #......
..#.#.##..#.....######.......
....#.##........@{.))........
......##.##.....#..###.....##
....####.###.<.....# #...##
.........# ######..# #.##
....### #..# .# ..÷.#######
#..# # .÷......... ...#
.##.###### #..# ...<#


There were no monsters in sight!

Vanquished Creatures
  An ice beast (D:2)
  A scorpion (D:3)
  2 orc priests (D:3)
  An orc wizard (D:3)
  2 adders
  3 dart slugs (D:2)
  2 leopard geckos (D:3)
  3 orcs (D:3)
  2 bats (D:1)
  A giant cockroach (D:3)
  5 goblins
  12 hobgoblins
  7 jackals
  5 kobolds
  2 quokkas (D:2)
  A ball python (D:1)
  5 frilled lizards
  11 rats
66 creatures vanquished.

Notes
Turn   | Place    | Note
-------+----------+-------------------------------------------
     0 | D:1      | Notrik the Minotaur Fighter began the quest for the Orb.
     0 | D:1      | Reached XP level 1. HP: 19/19 MP: 0/0
    11 | D:1      | Reached skill level 4 in Fighting
    14 | D:1      | Reached XP level 2. HP: 22/28 MP: 1/1
   622 | D:1      | Reached skill level 5 in Fighting
   830 | D:2      | Noticed an ice beast
   841 | D:2      | Killed an ice beast
   841 | D:2      | Reached skill level 6 in Fighting
   841 | D:2      | Reached XP level 3. HP: 16/38 MP: 2/2
   841 | D:2      | Reached XP level 4. HP: 20/45 MP: 3/3
  1368 | D:2      | Reached XP level 5. HP: 51/51 MP: 4/4
  1381 | D:2      | Reached skill level 7 in Fighting
  1437 | D:2      | Found a snail-covered altar of Cheibriados.
  1744 | D:3      | Found a hazy altar of Hepliaklqana.
  1796 | D:3      | Reached skill level 8 in Fighting
  1796 | D:3      | Reached XP level 6. HP: 27/61 MP: 5/5
  2011 | D:3      | Noticed Sigmund
  2038 | D:3      | HP: 2/62 [something (13)]
  2039 | D:3      | Mangled by Sigmund

Levels and vault maps discovered:
D:1:      giann_horns, layout_basic, dk_noncrumbling_3
D:2:      layout_basic, kennysheep_slug_shrine
D:3:      minmay_skewed_foursquare, layout_loops_ring, lemuel_doored_altar,
          kennysheep_generic_room_10, uniq_jessica, uniq_sigmund, uniq_ijyb

Skill      XL: |  1  2  3  4  5 |
---------------+----------------+-----
Fighting       | 4 6 8 |  8.5
Axes           | |  2.4
Armour         | |  3.6
Shields        | |  3.6

Action                   |  1- 3 |  4- 6 || total
-------------------------+-------+-------++-------
Melee: War axe           |    59 |    93 ||   152
       Headbutt          |     9 |    15 ||    24
  Eat: Chunk             |       |     4 ||     4
Armor: Scale mail        |    33 |    39 ||    72
Dodge: Dodged            |    13 |    25 ||    38
Block: Shield            |    33 |    45 ||    78

Table legend:
 A = Non-vault XP
 B = Vault XP
 C = Vault XP percentage of total XP
 D = Non-vault monster count
 E = Vault monster count
 F = Vault count percentage of total count
                 A         B        C        D         E       F
            +---------+---------+-------+---------+---------+-------
      Total |     458 |       4 |   0.9 |      65 |       1 |   1.5
            +---------+---------+-------+---------+---------+-------
        D:1 |      35 |       0 |   0.0 |      21 |       0 |   0.0
        D:2 |     189 |       4 |   2.1 |      31 |       1 |   3.1
        D:3 |     234 |       0 |   0.0 |      13 |       0 |   0.0
            +---------+---------+-------+---------+---------+-------
